 Dungeon Crawl Stone Soup version 0.23.2-33-g5129a83184 (webtiles) character file.

Game seed: 3053135909094753250

74 funkygono the Conjurer (level 3, -1/26 HPs)
             Began as a Demigod Conjurer on June 28, 2019.
             Slain by Sigmund
             ... wielding a +0 scythe
              (13 damage)
             ... on level 2 of the Dungeon.
             The game lasted 00:03:54 (1444 turns).

funkygono the Conjurer (Demigod Conjurer)           Turns: 1444, Time: 00:03:55

Health: -1/26      AC:  3    Str: 11    XL:     3   Next: 86%
Magic:  4/9        EV: 12    Int: 21    God:
Gold:   55         SH:  0    Dex: 16    Spells: 1/7 levels left

rFire    + + .     SeeInvis .   d - +1 club
rCold    x . .     Gourm    .   (no shield)
rNeg     . . .     Faith    .   b - +0 leather armour
rPois    .         Spirit   .   (no helmet)
rElec    .         Reflect  .   (no cloak)
rCorr    .         Harm     .   (no gloves)
MR       .....                  (no boots)
Stlth    ++........             (no amulet)
HPRegen  0.08/turn              e - ring of fire
MPRegen  0.11/turn              i - ring of protection from fire

@: no status effects
A: high mp 1
a: no special abilities


You were on level 2 of the Dungeon.
You were not hungry.

You visited 1 branch of the dungeon, and saw 2 of its levels.

You collected 55 gold pieces.

Inventory:

Hand Weapons
 d - a +1 club (weapon)
Missiles
 f - 29 stones (quivered)
Armour
 b - a +0 leather armour (worn)
Jewellery
 e - a ring of fire (left hand)
 i - a ring of protection from fire (right hand)
Scrolls
 j - 2 scrolls of amnesia {unknown}
Potions
 g - a potion of invisibility {unknown}
 h - a potion of lignification {unknown}
Comestibles
 a - a chunk of flesh
 c - 3 rations


   Skills:
 + Level 0.1 Maces & Flails
 + Level 0.2 Armour
 + Level 1.8 Dodging
 + Level 1.9 Stealth
 * Level 2.5 Spellcasting
 + Level 4.5 Conjurations


You had one spell level left.
You knew the following spells:

 Your Spells              Type           Power        Failure   Level  Hunger
a - Magic Dart            Conj           ###.         2%          1    None
b - Searing Ray           Conj           ###...       4%          2    ##.....
c - Dazzling Spray        Conj/Hex       ##....       22%         3    ###....

Your spell library contained the following spells:

 Spells                   Type           Power        Failure   Level  Hunger
 Iskenderun's Mystic Bla  Conj           ###.....     28%         4    ####...
 Force Lance              Conj/Tloc      ##......     58%         4    ####...
 Fulminant Prism          Conj/Hex       ##........   58%         4    ####...


Dungeon Overview and Level Annotations

Branches:
Dungeon (2/15)

Annotations:
D:2 Sigmund


Innate Abilities, Weirdness & Mutations

You have an increased reservoir of magic. (+10% MP)


Message History

Press: ? - help, Shift-Dir - straight line, f - Sigmund
Aim: Sigmund, wielding a +0 scythe and wearing a +0 robe The searing ray hits Sigmund.
Sigmund is lightly wounded. (Press . to maintain the ray.)
The searing ray hits Sigmund.
Sigmund is moderately wounded.
Sigmund mumbles some strange words.
Sigmund flickers and vanishes!
Deactivating autopickup; reactivate with Ctrl-A.
The searing ray hits something.
Something hits you!
The searing ray hits something!
You finish channeling your searing ray.
Something completely misses you.
Some of the chunks of flesh in your inventory have rotted away.
Casting: Searing Ray (safe; 4% risk of failure)
Confirm with . or Enter, or press ? or * to list all spells.
You don't know that spell.
Something hits you!
Ouch! That really hurt!
You die...

#.#.#.#.# #..# #.....#.#
#..# ###.###.# #..#
...<....#.# #..#####
....#####.# #.>.....
........#.# #.######
....##.##.# #.# ....##.##.#
##############.# ....##.##.#
#...@.{........#
....##.##.#####.############
....##.##.....#.#
....##..รท.....#.#
........#######.#
#...............#
#.......######### #.......#
#.......# #########


There were no monsters in sight!

Vanquished Creatures
  A gnoll (D:1)
  3 adders (D:2)
  2 dart slugs (D:1)
  3 goblins
  4 hobgoblins
  4 jackals (D:1)
  5 kobolds
  A quokka (D:2)
  5 bats (D:1)
  2 frilled lizards (D:1)
  4 rats
34 creatures vanquished.

Notes
Turn   | Place    | Note
-------+----------+-------------------------------------------
     0 | D:1      | funkygono the Demigod Conjurer began the quest for the Orb.
     0 | D:1      | Reached XP level 1. HP: 14/14 MP: 5/5
   173 | D:1      | Reached skill level 4 in Conjurations
   298 | D:1      | Reached XP level 2. HP: 20/20 MP: 2/7
   349 | D:1      | Learned a level 2 spell: Searing Ray
   686 | D:1      | Reached XP level 3. HP: 19/26 MP: 0/8
   778 | D:1      | Learned a level 3 spell: Dazzling Spray
  1388 | D:2      | Noticed Sigmund
  1444 | D:2      | Slain by Sigmund

Skill      XL: |  1  2 |
---------------+-------+-----
Conjurations   | 4 |  4.5
Spellcasting   | 2 |  2.5
Maces & Flails | |  0.1
Armour         | |  0.2
Dodging        | |  1.8
Stealth        | |  1.9

Action                   || total
-------------------------++-------
Melee: Club              ||     7
 Cast: Magic Dart        ||    59
       Searing Ray       ||     6
  Use: Scroll            ||     2
  Eat: Chunk             ||     2
Armor: Leather armour    ||     3
Dodge: Dodged            ||    15
